 Dungeon Crawl Stone Soup version 0.22-a0-406-g9ff8d77 (webtiles) character file.

368 KristoblXynda the Ruffian (level 6, -19/53 HPs)
             Began as a Troll Wizard on May 7, 2018.
             Was an Initiate of Ashenzari.
             Killed from afar by Pikel (23 damage)
             ... with a wand of acid (3)
             ... on level 5 of the Dungeon on May 8, 2018.
             The game lasted 00:07:14 (3592 turns).

KristoblXynda the Ruffian (Troll Wizard)            Turns: 3592, Time: 00:07:15

Health: -19/53     AC:  1    Str: 16    XL:     6   Next: 41%
Magic:  17/17      EV:  9    Int: 21    God:    Ashenzari [......]
Gold:   196        SH:  0    Dex:  8    Spells: 5/9 levels left

rFire    . . .     SeeInvis .     - Unarmed
rCold    . . .     Gourm    +   (no shield)
rNeg     . . .     Faith    .   a - +0 robe
rPois    .         Spirit   .   b - +0 hat
rElec    .         Reflect  .   (no cloak)
rCorr    .         Harm     .   (gloves unavailable)
MR       .....                  (boots unavailable)
Stlth    +.........             (no amulet)
HPRegen  0.57/turn              i - ring of magical power
MPRegen  0.15/turn              j - +5 ring of intelligence (curse)

@: corroded, very slightly contaminated, invisible
A: large, unfitting armour, claws 3, fast metabolism 3, gourmand, regeneration
1, shaggy fur 1, tough skin 2
a: Curse Item, Renounce Religion


You were on level 5 of the Dungeon.
You worshipped Ashenzari.
Ashenzari was noncommittal.
You were not hungry.

You visited 2 branches of the dungeon, and saw 6 of its levels.

You collected 196 gold pieces.

Inventory:

Armour
 a - a +0 robe (worn)
 b - a +0 hat (worn)
Jewellery
 i - a ring of magical power (left claw)
 j - a cursed +5 ring of intelligence (right claw)
Scrolls
 e - a scroll of noise {unknown}
 f - 2 scrolls of enchant armour {unknown}
 h - a scroll of amnesia {unknown}
 o - 2 scrolls of enchant weapon {unknown}
 p - 2 scrolls of teleportation
 r - 2 scrolls of blinking {unknown}
 s - 2 scrolls of fog {unknown}
Potions
 g - 4 potions of curing
 k - a potion of invisibility
 l - a potion of magic {unknown}
 n - a potion of cancellation {unknown}
 t - 3 potions of flight
Comestibles
 d - 7 rations


   Skills:
 - Level 1.5 Dodging
 - Level 1.0 Stealth
 * Level 4.4 Unarmed Combat
 - Level 2.0 Spellcasting
 * Level 3.4 Conjurations
   Level 0.6 Summonings
   Level 0.6 Translocations


You had 5 spell levels left.
You knew the following spells:

 Your Spells              Type           Power        Failure   Level  Hunger
a - Magic Dart            Conj           ###.         3%          1    #......
b - Mephitic Cloud        Conj/Pois/Air  #.......     28%         3    ###....


Dungeon Overview and Level Annotations

Branches:
Dungeon (5/15)             Temple (1/1) D:4

Altars:
Ashenzari
Cheibriados
Elyvilon
Fedhas
Gozag
Kikubaaqudgha
Nemelex Xobeh
Okawaru
Qazlal
Sif Muna
Uskayaw
Vehumet
Wu Jian
Xom
Zin
The Shining One

Shops:
D:4 (

Annotations:
D:5 Pikel


Innate Abilities, Weirdness & Mutations

You are too large for most types of armour.
You have claws for hands.
Your metabolism is lightning-fast.
You like to eat raw meat.
Your natural rate of healing is unusually fast.
You are covered in fur. (AC +1)
You have very tough skin. (AC +2)


Message History

Pikel is heavily wounded.
Pikel says, "It's all about the gold, really."
Pikel zaps a wand.
The bolt of acid hits you! The acid corrodes you!
You are splashed with acid!
The acid burns!
You closely miss Pikel.
Pikel is heavily wounded.
Pikel hits you with a whip of freezing!
* * * LOW HITPOINT WARNING * * *
Pikel freezes you.
* * * LOW HITPOINT WARNING * * *
You scratch Pikel.
Pikel is heavily wounded.
Pikel hits you with a whip of freezing.
* * * LOW HITPOINT WARNING * * *
Pikel freezes you.
* * * LOW HITPOINT WARNING * * *
You scratch Pikel.
Pikel is severely wounded.
Pikel zaps a wand.
The bolt of acid hits you!
You die...

##.>## #p...# #########.
#p##.#####.........
##.##.p.##..........
#..####.............
.......#######...........
.....###......p%.........
..... #.####............
..#. #@# ##..K......... .
# #K# #.p...........
..#.####p###.#...........
....a..pp##..#......#....
...♣♣♣..............##..
#♣...%....)....#
♣..............
♣.............!
♣...............


You could see Pikel and 3 slaves.

Vanquished Creatures
  A slave (D:5)
  A centaur skeleton (D:4)
  2 orc priests (D:4)
  Terence (D:3)
  An iguana (D:4)
  2 worker ants
  A killer bee zombie (D:3)
  6 adders
  2 howler monkey skeletons (D:4)
  An ooze (D:3)
  A dart slug (D:2)
  5 leopard geckos
  6 orcs
  8 bats
  9 giant cockroaches
  9 goblins
  9 hobgoblins
  3 jackals (D:4)
  3 kobolds (D:1)
  3 frilled lizards
  9 rats
83 creatures vanquished.

Notes
Turn   | Place    | Note
-------+----------+-------------------------------------------
     0 | D:1      | KristoblXynda the Troll Wizard began the quest for the Orb.
     0 | D:1      | Reached XP level 1. HP: 16/16 MP: 2/2
    41 | D:1      | Reached skill level 1 in Conjurations
    67 | D:1      | Reached skill level 1 in Unarmed Combat
    91 | D:1      | Reached XP level 2. HP: 23/24 MP: 4/4
   644 | D:1      | Reached XP level 3. HP: 31/31 MP: 5/5
   992 | D:1      | Reached skill level 2 in Unarmed Combat
  1588 | D:3      | Found a shattered altar of Ashenzari.
  1812 | D:3      | Became a worshipper of Ashenzari the Shackled
  1816 | D:3      | Upgraded the game from 0.22-a0-402-ga933591 to 0.22-a0-406-g9ff8d77
  1859 | D:3      | Reached XP level 4. HP: 18/39 MP: 6/6
  1923 | D:3      | Noticed Terence
  1950 | D:3      | Killed Terence
  1967 | D:3      | Reached skill level 3 in Unarmed Combat
  2185 | D:3      | Reached XP level 5. HP: 34/45 MP: 7/7
  2518 | D:4      | Learned a level 3 spell: Mephitic Cloud
  2760 | D:4      | Reached skill level 4 in Unarmed Combat
  2789 | D:4      | Reached XP level 6. HP: 27/53 MP: 8/8
  2813 | D:4      | Found Deni's Weapon Emporium.
  2993 | D:4      | Found a staircase to the Ecumenical Temple.
  3059 | D:4      | Found a glowing golden altar of the Shining One.
  3294 | Temple   | Entered the Ecumenical Temple
  3523 | D:5      | Entered Level 5 of the Dungeon
  3527 | D:5      | Noticed a slave
  3528 | D:5      | Noticed a slave
  3529 | D:5      | Noticed a slave
  3542 | D:5      | Noticed a slave
  3543 | D:5      | Noticed Pikel
  3565 | D:5      | Killed a slave
  3592 | D:5      | Killed from afar by Pikel

Vault maps used:
D:1:      dpeg_arrival_morbid_curiosity
D:3:      nicolae_ashenzari_panopticon, wad_floor_pattern_untrapped,
          uniq_terence
D:4:      marbit_many_paths, minmay_temple_entry_junction, serial_shops, shop
D:5:      nicolae_overflow_hidden_temple, nicolae_overflow_crystal_walls,
          first_ration, minmay_stone_trees_small, uniq_pikel,
          uniq_crazy_yiuf_cottage, uniq_blork_the_orc
Temple:   dpeg_chambers_temple

Skill      XL: |  1  2  3  4  5 |
---------------+----------------+-----
Conjurations   | 1 2 3 |  3.4
Unarmed Combat | 1 2 3 4 |  4.4
Dodging        | |  1.5
Stealth        | |  1.0
Spellcasting   | |  2.0
Summonings     | |  0.6
Translocations | |  0.6

Action                   |  1- 3 |  4- 6 || total
-------------------------+-------+-------++-------
Melee: Unarmed           |    99 |   162 ||   261
       Punch             |       |     2 ||     2
Invok: Curse Item        |       |     1 ||     1
  Use: Scroll            |       |     4 ||     4
       Potion            |       |     3 ||     3
 Stab: Sleeping          |     4 |     3 ||     7
       Invisible         |       |     2 ||     2
  Eat: Chunk             |    22 |    11 ||    33
Armor: Robe              |    49 |    40 ||    89
Dodge: Dodged            |    46 |    64 ||   110

Table legend:
 A = Spawn XP
 B = Non-spawn XP
 C = Spawn XP percentage of total XP
 D = Spawn monster count
 E = Non-spawn monster count
 F = Spawn count percentage of total count
 G = Total turns spent on level
                    A         B        C        D         E        F      G
               +---------+---------+-------+---------+---------+-------+---------
         Total |       0 |     526 |   0.0 |       0 |      82 |   0.0 |  3592
               +---------+---------+-------+---------+---------+-------+---------
           D:1 |       0 |      58 |   0.0 |       0 |      33 |   0.0 |  1128
           D:2 |       0 |      12 |   0.0 |       0 |       6 |   0.0 |   433
           D:3 |       0 |     135 |   0.0 |       0 |      24 |   0.0 |   882
           D:4 |       0 |     288 |   0.0 |       0 |      18 |   0.0 |   868
           D:5 |       0 |      33 |   0.0 |       0 |       1 |   0.0 |    69
               +---------+---------+-------+---------+---------+-------+---------
